 Dungeon Crawl Stone Soup version 0.22-a0-579-gb62a27e (webtiles) character file.

1218 Firecrotchwizard the Spear-Bearer (level 8, -2/64 HPs)
             Began as a Merfolk Berserker on July 1, 2018.
             Was an Elder of Trog.
             Slain by an adder (4 damage)
             ... on level 5 of the Dungeon.
             The game lasted 00:11:23 (5099 turns).

Firecrotchwizard the Spear-Bearer (MfBe)            Turns: 5099, Time: 00:11:24

Health: -2/64      AC:  6    Str: 19    XL:     8   Next: 46%
Magic:  8/8        EV: 13    Int:  7    God:    Trog [****..]
Gold:   551        SH:  0    Dex: 13    Spells: 7/7 levels left

rFire    . . .     SeeInvis .   h - +0 halberd
rCold    . . .     Gourm    .   (shield currently unavailable)
rNeg     . . .     Faith    .   g - +0 scale mail (curse)
rPois    .         Spirit   .   (no helmet)
rElec    .         Reflect  .   (no cloak)
rCorr    .         Harm     .   (no gloves)
MR       .....                  (no boots)
Stlth    ..........             (no amulet)
HPRegen  0.20/turn              x - ring of flight {+Fly, !d}
MPRegen  0.11/turn              (no ring)

@: berserk cooldown, slowed, very slow
A: change form in water, swift swim, stealthy swim
a: Berserk, Trog's Hand, Brothers in Arms, Renounce Religion, Evoke Flight


You were on level 5 of the Dungeon.
You worshipped Trog.
Trog was greatly pleased with you.
You were not hungry.

You visited 1 branch of the dungeon, and saw 5 of its levels.
You also visited: Sewer and Ossuary.

You collected 551 gold pieces.

Inventory:

Hand Weapons
 a - a +0 spear
 h - a +0 halberd (weapon)
   (You took it off a gnoll on level 2 of the Dungeon)
 w - a +0 trident
   (You took it off an orc on level 4 of the Dungeon)
Armour
 b - a +0 animal skin
 g - a cursed +0 scale mail (worn)
   (You found it on level 2 of the Dungeon)
 i - a +0 chain mail
   (You found it on level 1 of the Dungeon)
 j - a +0 buckler
   (You found it on level 1 of the Dungeon)
 l - a +1 ring mail of magic resistance
   (You took it off Terence on level 2 of the Dungeon)
Jewellery
 x - a ring of flight (left hand) {+Fly, !d}
   (You found it on level 4 of the Dungeon)
Scrolls
 e - a scroll of enchant armour {unknown}
 k - a scroll of immolation {unknown}
 m - a scroll of fear {unknown}
 n - a scroll of noise {unknown}
 o - 2 scrolls of identify {unknown}
 p - a scroll of random uselessness {unknown}
 t - a scroll of remove curse
 u - 6 scrolls of teleportation
 y - 3 scrolls of amnesia {unknown}
Potions
 d - 3 potions of brilliance {unknown}
 f - a potion of degeneration {unknown}
 q - 4 potions of heal wounds {unknown}
 r - 5 potions of curing {unknown}
 s - a potion of might {unknown}
Comestibles
 c - 8 rations {@e1}
 v - 2 chunks of flesh {@w0}


   Skills:
 + Level 6.3 Fighting
 * Level 10.8 Polearms
 - Level 1.3 Armour
 + Level 6.9 Dodging


You had 7 spell levels left.
You didn't know any spells.
Your spell library was empty.

Dungeon Overview and Level Annotations

Branches:
Dungeon (5/15)
 Temple: D:4-7

Altars:
Sif Muna

Shops:
D:4 :

Annotations:
D:3 1 runed door
D:5 Prince Ribbit


Message History

No target in view!
You butcher the quokka corpse.
v - a chunk of flesh {@w0} You see here a quokka skeleton. x2
A howler monkey comes into view.
Health restored: 64 The howler monkey hoots and howls with incredible vigour!
The howler monkey hits you.
You take 2 damage, and have 62/64 hp.
You closely miss the howler monkey. The howler monkey hits you.
You take 2 damage, and have 60/64 hp.
You hit the howler monkey. The howler monkey misses you.
You hit the howler monkey. The howler monkey hits you.
You take 5 damage, and have 55/64 hp.
You closely miss the howler monkey. The howler monkey hits you.
You take 2 damage, and have 53/64 hp.
You slice the howler monkey!!
You kill the howler monkey!
Trog accepts your kill.
No target in view!
No target in view!
You butcher the howler monkey corpse.
v - 3 chunks of flesh {@w0} (gained 2) Done exploring.
You regained 3 hp, and now have 56/64 hp.
Done exploring.
(D) Dungeon
Where to? (Enter - D:4, ? - help)
You see here a falchion of distortion {!w}.
You see here a giant club.
Eating one of 3 chunks of flesh {@w0}.
You eat one of the 3 chunks of flesh {@w0}.
There is a stone staircase leading down here.
You climb downwards.
There is a stone staircase leading up here.
Health restored: 64
q - 4 bubbling brown potions (gained 1)
Found a stone staircase leading down.
Prince Ribbit comes into view.
Prince Ribbit gives a loud, deep croak!
Prince Ribbit blinks!
Prince Ribbit is too close now for your liking.
Attack whom?
Aim: Prince Ribbit You reach to attack!
You miss Prince Ribbit. Prince Ribbit hits you!
You take 10 damage, and have 54/64 hp.
You closely miss Prince Ribbit. Prince Ribbit hits you.
You take 6 damage, and have 48/64 hp.
You miss Prince Ribbit. Prince Ribbit hits you!
Prince Ribbit completely misses you.
You take 16 damage, and have 32/64 hp.
MASSIVE DAMAGE!!
A red film seems to cover your vision as you go berserk!
You feel yourself moving faster!
You feel mighty!
You feel quite a bit more hungry.
Prince Ribbit lets out a mournful croak.
Prince Ribbit blinks!
You now have 49/96 hp.
You feel a strong urge to attack something.
Attack whom?
Aim: Prince Ribbit You barely miss Prince Ribbit.
Prince Ribbit hits you!
You take 13 damage, and have 36/96 hp.
Attack whom?
Aim: Prince Ribbit You miss Prince Ribbit.
Prince Ribbit barely misses you.
Attack whom?
Aim: Prince Ribbit You closely miss Prince Ribbit.
Prince Ribbit hits you!
* * * LOW HITPOINT WARNING * * *
You take 14 damage, and have 22/96 hp.
Attack whom?
Aim: Prince Ribbit You slice Prince Ribbit!!
Attack whom?
Aim: Prince Ribbit (severely wounded)
You closely miss Prince Ribbit. Prince Ribbit barely misses you.
Attack whom?
Aim: Prince Ribbit (severely wounded)
You closely miss Prince Ribbit.
You are no longer berserk.
You are exhausted.
You feel yourself slow down. Prince Ribbit hits you!
* * * LOW HITPOINT WARNING * * *
You now have 1/64 hp.
You closely miss Prince Ribbit. Prince Ribbit misses you.
Prince Ribbit blinks!
Prince Ribbit blinks!
Attack whom?
Aim: Prince Ribbit (heavily wounded)
You reach to attack!
You barely miss Prince Ribbit.
Prince Ribbit blinks!
Prince Ribbit lets out a mournful croak.
Prince Ribbit blinks!
An adder comes into view.
Attack whom?
Aim: Prince Ribbit (heavily wounded)
You miss Prince Ribbit. Prince Ribbit hits you.
* * * LOW HITPOINT WARNING * * *
The adder bites you.
You die...

#....(.....
#.......#
###.>.### .#
##.....## .#
#.##.##.###.#
#...........#
#.<#.##.##.F#
##.#.#.## ..##
#.@F.####.ยง.#
#...S.#.....# #
#.#.#.#.###...#
.......#.# ..##
###.#.#.#.# .##
#.....#.# .#
###...... .#
#####.# ## #.#


You could see Prince Ribbit and an adder.

Vanquished Creatures
  2 ogres (D:4)
  A phantom (D:4)
  4 big kobolds (Sewer)
  A scorpion (D:4)
  A howler monkey (D:4)
  4 orc priests
  A human zombie (Ossuary)
  2 orc wizards (D:4)
  A hound (D:4)
  Terence (D:2)
  3 big kobold zombies (Ossuary)
  2 mummies (Ossuary)
  7 adders
  8 gnolls
  A worm zombie (D:4)
  An adder skeleton (D:2)
  2 worms
  2 dart slugs
  3 leopard geckos
  7 orcs
  5 giant cockroaches
  A gnoll zombie (Ossuary)
  4 goblins
  11 hobgoblins
  8 jackals
  16 kobolds
  4 quokkas
  2 ball pythons (Sewer)
  6 bats
  8 frilled lizards
  4 goblin zombies (Ossuary)
  4 hobgoblin zombies (Ossuary)
  A jackal zombie (D:4)
  An orc zombie (Ossuary)
  7 rats
  A rat zombie (D:4)
137 creatures vanquished.

Notes
Turn   | Place    | Note
-------+----------+-------------------------------------------
     0 | D:1      | Firecrotchwizard the Merfolk Berserker began the quest for the Orb.
     0 | D:1      | Reached XP level 1. HP: 18/18 MP: 1/1
   242 | D:1      | Reached XP level 2. HP: 15/24 MP: 2/2
   376 | D:1      | Reached skill level 3 in Dodging
   454 | D:1      | Reached skill level 5 in Polearms
   764 | D:1      | Reached ** piety under Trog
   770 | D:1      | Reached XP level 3. HP: 28/29 MP: 3/3
  1114 | D:2      | Noticed Terence
  1139 | D:2      | HP: 10/45 [Terence/flail (3)]
  1142 | D:2      | Killed Terence
  1142 | D:2      | Reached XP level 4. HP: 13/37 MP: 4/4
  1144 | D:2      | Reached skill level 6 in Polearms
  1444 | D:2      | Reached skill level 4 in Fighting
  1648 | D:2      | Reached skill level 4 in Dodging
  1648 | D:2      | Reached XP level 5. HP: 38/42 MP: 5/5
  1912 | D:2      | Found a deep blue altar of Sif Muna.
  2134 | D:3      | Reached *** piety under Trog
  2181 | D:3      | Found a glowing drain.
  2190 | Sewer    | Entered a sewer
  2203 | Sewer    | Reached skill level 7 in Polearms
  2301 | Sewer    | Noticed a big kobold
  2314 | Sewer    | Killed a big kobold
  2314 | Sewer    | Reached XP level 6. HP: 33/49 MP: 6/6
  2476 | Sewer    | Reached skill level 8 in Polearms
  2476 | Sewer    | Reached skill level 5 in Dodging
  2671 | Sewer    | Reached skill level 5 in Fighting
  2671 | Sewer    | Reached XP level 7. HP: 56/56 MP: 7/7
  2722 | D:3      | Found a runed door.
  3331 | D:4      | Reached skill level 9 in Polearms
  3400 | D:4      | Found Engeybu's Book Shoppe.
  3442 | D:4      | Reached **** piety under Trog
  3451 | D:3      | HP: 14/56 [orc priest/divine providence (14)]
  3690 | D:4      | Reached skill level 6 in Dodging
  3705 | D:4      | Found a sand-covered staircase.
  3735 | Ossuary  | Entered an ossuary
  3835 | Ossuary  | Reached XP level 8. HP: 54/64 MP: 8/8
  4016 | D:4      | Reached skill level 10 in Polearms
  4412 | D:4      | Reached skill level 6 in Fighting
  5057 | D:5      | Entered Level 5 of the Dungeon
  5072 | D:5      | Noticed Prince Ribbit
  5087 | D:5      | HP: 22/96 [Prince Ribbit (15)]
  5090 | D:5      | HP: 1/64 [Prince Ribbit (14)]
  5099 | D:5      | HP: 2/64 [Prince Ribbit (2)]
  5099 | D:5      | Slain by an adder

Vault maps used:
D:1:      evilmike_arrival_crescent, serial_curves, eino_curves_02,
          eino_curves_03
D:2:      lemuel_blue_sif_altar, patterned_corridor, uniq_terence
D:3:      cheibrodos_sewer_entry_drain, uniq_crazy_yiuf_cottage
D:4:      first_ration, serial_shops, nicolae_shop_behind_doors, enter_ossuary_3
D:5:      kennysheep_ying_yang, minmay_temple_entry_junction_2,
          uniq_prince_ribbit1
Sewer:    kennysheep_pipe_town
Ossuary:  minmay_ossuary_gauntlet

Skill      XL: |  1  2  3  4  5  6  7  8 |
---------------+-------------------------+-----
Dodging        | 3 4 5 6 |  6.9
Polearms       | 5 6 7 8 9 10 | 10.8
Fighting       | 4 5 6 |  6.3
Armour         | |  1.3

Action                   |  1- 3 |  4- 6 |  7- 9 || total
-------------------------+-------+-------+-------++-------
Melee: Spear             |   146 |    70 |       ||   216
       Halberd           |       |    82 |   203 ||   285
       Tailslap          |       |     1 |       ||     1
Invok: Berserk           |     2 |     1 |     1 ||     4
  Use: Scroll            |       |     3 |       ||     3
 Stab: Sleeping          |     3 |       |       ||     3
  Eat: Chunk             |     2 |     7 |     8 ||    17
Armor: Animal skin       |    14 |       |       ||    14
       Chain mail        |     2 |     7 |       ||     9
       Scale mail        |       |    25 |    44 ||    69
Dodge: Dodged            |    68 |    84 |   100 ||   252

Table legend:
 A = Spawn XP
 B = Non-spawn XP
 C = Spawn XP percentage of total XP
 D = Spawn monster count
 E = Non-spawn monster count
 F = Spawn count percentage of total count
 G = Total turns spent on level
                    A         B        C        D         E        F      G
               +---------+---------+-------+---------+---------+-------+---------
         Total |       0 |    1740 |   0.0 |       0 |     137 |   0.0 |  5099
               +---------+---------+-------+---------+---------+-------+---------
           D:1 |       0 |      42 |   0.0 |       0 |      25 |   0.0 |  1163
           D:2 |       0 |     172 |   0.0 |       0 |      23 |   0.0 |   920
           D:3 |       0 |      86 |   0.0 |       0 |      21 |   0.0 |   969
           D:4 |       0 |     851 |   0.0 |       0 |      28 |   0.0 |  1233
         Sewer |       0 |     426 |   0.0 |       0 |      24 |   0.0 |   499
       Ossuary |       0 |     163 |   0.0 |       0 |      16 |   0.0 |   273
               +---------+---------+-------+---------+---------+-------+---------

Vault maps used:
D:1:      evilmike_arrival_crescent, serial_curves, eino_curves_02,
          eino_curves_03
D:2:      lemuel_blue_sif_altar, patterned_corridor, uniq_terence
D:3:      cheibrodos_sewer_entry_drain, uniq_crazy_yiuf_cottage
D:4:      first_ration, serial_shops, nicolae_shop_behind_doors, enter_ossuary_3
D:5:      kennysheep_ying_yang, minmay_temple_entry_junction_2,
          uniq_prince_ribbit1
Sewer:    kennysheep_pipe_town
Ossuary:  minmay_ossuary_gauntlet

Table legend:
 A = Turns spent in this place as a percentage of turns spent in the entire game.
 B = Non-inter-level travel turns spent in this place as a percentage of non-inter-level travel turns spent in the entire game.
 C = Inter-level travel turns spent in this place as a percentage of turns spent in this place.
 D = Turns resting spent in this place as a percentage of non-inter-level travel turns spent in this place.
 E = Turns spent auto-exploring this place as a percentage of non-inter-level travel turns spent in this place.
 F = Non-inter-level travel turns spent in this place divided by the number of levels of this place that you've seen.
                   A       B       C       D       E      F
               +-------+-------+-------+-------+-------+----------------------
         Total | 100.0 | 100.0 |   1.7 |  32.4 |  44.3 | 715.7
       Dungeon |  84.9 |  84.6 |   2.1 |  30.6 |  47.1 | 847.6
         Sewer |   9.8 |  10.0 |   0.0 |  44.3 |  29.7 | 499.0
       Ossuary |   5.4 |   5.4 |   0.0 |  39.6 |  28.2 | 273.0
               +-------+-------+-------+-------+-------+----------------------

Table legend:
 A = Kills in this place as a percentage of kills in entire the game.
 B = Kills by you in this place as a percentage of kills by you in the entire game.
 C = Kills by friends in this place as a percentage of kills by friends in the entire game.
 D = Other kills in this place as a percentage of other kills in the entire game.
 E = Experience gained in this place as a percentage of experience gained in the entire game.
 F = Experience gained in this place divided by the number of levels of this place that you have seen.
                   A       B       C       D       E      F
               +-------+-------+-------+-------+-------+----------------------
         Total | 100.0 | 100.0 |   N/A |   N/A | 100.0 | 248.6
       Dungeon |  70.8 |  70.8 |   N/A |   N/A |  66.1 | 230.2
         Sewer |  17.5 |  17.5 |   N/A |   N/A |  24.5 | 426.0
       Ossuary |  11.7 |  11.7 |   N/A |   N/A |   9.4 | 163.0
               +-------+-------+-------+-------+-------+----------------------
